AoeStats
← Izan

Arabia

510370695Analyzed
1v1 RM · 11h ago on Sep 30, 2026· 64m 5s· 2 players
Game mode
Random Map
Map size
Tiny (2 player)
Population
200
Speed
Normal
Resources
Standard
Victory
Conquest
Starting age
Dark Age
Ending age
Imperial Age
RankedLock teamsTeams togetherTeam positionsShared explorationLock speedFull tech treeHidden civsTurbo modeCheats
Victory
Defeat
🇪🇸 Japanese · Spain
1074
+17
🇨🇱 Persians · Chile
1086
-17
Izan
7:38 Loom
9:43 Feudal Age
10:18 Man-at-Arms
12:35 Forging
18:40 Castle Age
17:22 Double-Bit Axe
18:13 Fletching
19:24 Bodkin Arrow
19:49 Horse Collar
22:03 Ballistics
22:32 Padded Archer Armor
24:19 Thumb Ring
26:49 Gold Mining
28:27 Leather Archer Armor
30:08 Bow Saw
30:51 Wheelbarrow
34:10 Heavy Plow
34:16 Husbandry
34:27 Bloodlines
34:15 Elite Skirmisher
36:52 Gold Shaft Mining
38:10 Pikeman
42:29 Imperial Age
40:54 Gambesons
41:08 Long Swordsman
41:49 Squires
42:27 Iron Casting
41:52 Scale Mail Armor
43:08 Hand Cart
42:31 Two-Handed Swordsman
44:13 Blast Furnace
42:43 Capped Ram
43:19 Champion
48:07 Chain Mail Armor
49:07 Bracer
49:39 Halberdier
51:55 Ring Archer Armor
54:17 Chemistry
56:38 Plate Mail Armor
57:27 Conscription
59:48 Murder Holes
59:59 Siege Engineers
Perey
2:55 Loom
10:10 Feudal Age
11:02 Double-Bit Axe
12:03 Horse Collar
20:21 Castle Age
18:41 Gold Mining
19:25 Fletching
20:18 Bloodlines
20:58 Husbandry
21:23 Bodkin Arrow
24:25 Town Watch
27:38 Wheelbarrow
27:55 Padded Archer Armor
28:53 Ballistics
31:21 Thumb Ring
31:55 Elite Skirmisher
34:35 Parthian Tactics
40:17 Leather Archer Armor
44:57 Imperial Age
46:38 Chemistry
47:51 Ring Archer Armor
47:50 Stone Mining
53:45 Heavy Cavalry Archer
55:01 Citadels
57:09 Conscription
56:54 Light Cavalry
57:58 Scale Barding Armor
58:03 Forging
59:00 Bow Saw
58:33 Hussar
Connection lost

Rejoining the realm…

Still unreachable

The connection could not be restored.

Session expired

The server has moved on; the page needs a fresh start.